 Dungeon Crawl Stone Soup version 0.31-a0-237-g2d982f9 (webtiles) character file.

Game seed: 1880836374088142077

157 Dawnplanks the Gusty (level 5, 0/28 HPs)
             Began as a Tengu Air Elementalist on July 11, 2023.
             Slain by a goblin
             ... wielding a +0 dagger
             ... led by Robin
              (5 damage)
             ... on level 2 of the Dungeon.
             The game lasted 00:04:28 (2168 turns).

Dawnplanks the Gusty (Tengu Air Elementalist)       Turns: 2168, Time: 00:04:29

Health: 0/28       AC:  2    Str:  8    XL:     5   Next: 38%
Magic:  5/10       EV: 15    Int: 17    God:
Gold:   92         SH:  0    Dex: 15    Spells: 8/9 levels left

rFire   . . .        (no weapon)
rCold   . . .        (no shield)
rNeg    . . .        a - +0 robe
rPois   .            (helmet restricted)
rElec   .            (no cloak)
rCorr   .            (no gloves)
SInv    .            (boots unavailable)
Will    .....        (no amulet)
Stlth   ++           (no ring)
HPRegen 0.24/turn    (no ring)
MPRegen 0.12/turn

%: no passive effects
@: flying quickly and evasively, quick
A: beak, talons 3, nimble flight
a: no special abilities


You were on level 2 of the Dungeon.
You visited 1 branch of the dungeon, and saw 2 of its levels.

You collected 92 gold pieces.

Inventory:

Armour
 a - a +0 robe (worn)
Scrolls
 e - 2 scrolls of enchant weapon {unknown}
 g - a scroll of fear {unknown}
 h - a scroll of revelation {unknown}
Potions
 b - a potion of magic
 c - a potion of berserk rage {unknown}
 d - a potion of curing {unknown}
 f - a potion of degeneration {unknown}
 i - a potion of resistance {unknown}


   Skills:
 + Level 2.6 Dodging
 - Level 2.0 Stealth
 + Level 0.4 Unarmed Combat
 + Level 2.9 Spellcasting
 + Level 3.5 Conjurations
 + Level 5.8 Air Magic


You had 8 spell levels left.
You knew the following spells:

 Your Spells              Type           Power      Damage    Failure   Level
a - Shock                 Conj/Air       72%        1d7       2%          1

Your spell library contained the following spells:

 Spells                   Type           Power      Damage    Failure   Level
 Static Discharge         Conj/Air       36%        2-4/arc   3%          2
 Swiftness                Air            22%        N/A       4%          3
 Airstrike                Air            11%        2d(2-18)  16%         4


Dungeon Overview and Level Annotations

Branches:
Dungeon (2/15)

Altars:

Annotations:
D:2 Robin


Innate Abilities, Weirdness & Mutations

You have a beak for a mouth.
You have claws for feet.
Your magical nature lets you fly swiftly and evasively.


Message History

Aiming: Shock (safe; 2% risk of failure)
Press: ? - help, Shift-Dir - straight line, f - goblin, p - goblin
Aim: a goblin, wielding a +0 club (strong, 64% to hit)
The zap hits Robin.
Robin is severely wounded.
The zap hits the goblin.
You kill the goblin!
The goblin hits you with a +0 dagger. x2
Casting: Shock (safe; 2% risk of failure)
Confirm with . or Enter, or press ? or * to list all spells.
Aiming: Shock (safe; 2% risk of failure)
Press: ? - help, Shift-Dir - straight line Robin drinks a potion.
Robin seems to speed up.
The goblin hits you with a +0 dagger. x2
* * * LOW HITPOINT WARNING * * *
You barely miss the goblin. Your kick misses the goblin.
The goblin is severely wounded.
A goblin comes into view. It is wielding a +0 dagger.
The goblin barely misses you. The goblin closely misses you.
Robin points. "Kill!"
Robin roars a battlecry!
The goblin goes into a battle-frenzy!
You hit the goblin.
You kill the goblin!
The goblin misses you.
You barely miss the goblin. The goblin barely misses you.
You barely miss Robin.
Robin is severely wounded.
The goblin closely misses you. Robin misses you.
You barely miss Robin. You peck Robin, but do no damage.
Robin is severely wounded.
Robin hits you with a +0 club.
* * * LOW HITPOINT WARNING * * *
The goblin hits you with a +0 dagger.
* * * LOW HITPOINT WARNING * * *
Robin misses you.
You completely miss Robin. Your kick misses Robin. You peck Robin.
Robin is severely wounded.
Robin closely misses you. The goblin hits you with a +0 dagger.
You die...

. .#. #...# .##### .
...# ..#...#....# . .#
..#...#...#..# .
...#...#...#....###
..#...#...#...#....
.#...#...#...#....#
...#...#...#...#).# .
.#...#...#...#..).##...)
...#...#...#.).#@gg..#
.#...#...#...#.g)....#
...#...#..)#...#.....#
.#...#.†.#.).#.......#
...#...#...#.).#.....#
.#...#...#...#.).......
)..#...#...#.........##.
.#†..#...#..#.########
#..#...#...##.#


You could see Robin (fast) and 2 goblins.

Vanquished Creatures
  Natasha (thrice) (D:2)
  A gnoll (D:1)
  An adder (D:2)
  A worm (D:2)
  A dart slug (D:2)
  5 endoplasms (D:1)
  A giant cockroach (D:2)
  14 goblins
  4 hobgoblins
  4 jackals (D:2)
  3 kobolds
  A quokka (D:2)
  6 ball pythons
  6 bats
  4 frilled lizards
  6 rats
61 creatures vanquished.

Notes
Turn   | Place    | Note
-------+----------+-------------------------------------------
     0 | D:1      | Dawnplanks the Tengu Air Elementalist began the quest for
                  | the Orb.
     0 | D:1      | Reached XP level 1. HP: 10/10 MP: 4/4
   346 | D:1      | Reached XP level 2. HP: 15/15 MP: 3/6
   425 | D:1      | Found a faded altar of an unknown god.
   705 | D:1      | Reached skill level 5 in Air Magic
   705 | D:1      | Reached XP level 3. HP: 10/19 MP: 1/7
  1170 | D:2      | Noticed Natasha
  1497 | D:2      | Killed Natasha
  1498 | D:2      | Reached XP level 4. HP: 6/24 MP: 0/8
  1773 | D:2      | Noticed Natasha
  1783 | D:2      | Killed Natasha
  1784 | D:2      | Gained mutation: Your magical nature lets you fly swiftly
                  | and evasively. [Tengu growth]
  1784 | D:2      | Reached XP level 5. HP: 14/28 MP: 2/10
  1926 | D:2      | Noticed Natasha
  1934 | D:2      | Killed Natasha
  2156 | D:2      | Noticed Robin
  2168 | D:2      | Slain by a goblin

Illustrated notes

Levels and vault maps discovered:
D:1:      dpeg_arrival_boxorama, layout_loops_ring,
          chequers_ecumenical_altar_island, minmay_misc_feat_chi,
          minmay_misc_feat_enclosed, minmay_split_cup_large
D:2:      layout_loops_cross, hex_large, chequers_decorated_corner, uniq_robin,
          uniq_natasha

Skill      XL: |  1  2  3  4 |
---------------+-------------+-----
Air Magic      | 5 |  5.8
Conjurations   | 2 3 |  3.5
Dodging        | |  2.6
Stealth        | |  2.0
Unarmed Combat | |  0.4
Spellcasting   | |  2.9

Action                     |  1- 3 |  4- 6 || total
---------------------------+-------+-------++-------
  Melee: Unarmed           |    13 |     9 ||    22
         Kick              |     6 |     1 ||     7
         Peck              |     2 |     2 ||     4
   Cast: Shock             |    64 |    55 ||   119
 Armour: Robe              |     6 |     2 ||     8
  Dodge: Dodged            |    14 |    16 ||    30

Table legend: (Time is in decaauts)
 A = Elapsed time spent in this place.
 B = Non-inter-level travel time spent in this place.
 C = Inter-level travel time spent in this place.
 D = Time resting spent in this place.
 E = Time spent auto-exploring this place.
 F = Levels seen in this place.
 G = Mean time per level.
                   A        B        C        D        E       F      G
               +--------+--------+--------+--------+--------+-----+--------+
         Total |   2189 |   2171 |     18 |     72 |   1835 |   2 | 1094.5 |
       Dungeon |   2189 |   2171 |     18 |     72 |   1835 |   2 | 1094.5 |
               +--------+--------+--------+--------+--------+-----+--------+

Top non-repeatable levels by time:
     D:1: 1244 daAuts
     D:2: 944 daAuts
